 Dungeon Crawl Stone Soup version 0.18.1-48-g4cf74bf (webtiles) character file.

2503 PrikolusRex the Cleaver (level 9, -5/81 HPs)
             Began as a Minotaur Berserker on Aug 24, 2016.
             Was an Elder of Trog.
             Slain by Joseph
             ... wielding a +0 quarterstaff
              (13 damage)
             ... on level 8 of the Dungeon.
             The game lasted 00:44:27 (6644 turns).

PrikolusRex the Cleaver (Minotaur Berserker)        Turns: 6644, Time: 00:44:27

Health: -5/81      AC: 13    Str: 22    XL:     9   Next: 28%
Magic:  8/8        EV: 10    Int:  4    God:    Trog [****..]
Gold:   206        SH:  0    Dex: 13    Spells: 0 memorised, 8 levels left

rFire  . . .     SeeInvis +     J - +1 battleaxe (chop)
rCold  + . .     Gourm    .     Q - +0 plate armour
rNeg   . . .     Faith    .     (shield currently unavailable)
rPois  .         Spirit   .     y - +0 hat
rElec  .         Dismiss  .     (no cloak)
rCorr  .         Reflect  .     (no gloves)
SustAt .         Harm     .     (no boots)
MR     .....                    (no amulet)
Stlth  ..........               s - ring of see invisible
                                u - ring of protection from cold

@: exhausted, slowed, very slow, not resistant to hostile enchantments,
extremely unstealthy
A: retaliatory headbutt, horns 2
a: Berserk, Trog's Hand, Brothers in Arms, Burn Spellbooks, Renounce Religion


You were on level 8 of the Dungeon.
You worshipped Trog.
Trog was greatly pleased with you.
You were not hungry.

You visited 1 branch of the dungeon, and saw 8 of its levels.

You collected 254 gold pieces.
You spent 48 gold pieces at shops.

Inventory:

Hand Weapons
 a - a +0 hand axe
 x - a +0 dire flail
 C - a +0 shortbow
 F - a +0 halberd
 J - a +1 battleaxe of chopping (weapon)
 K - a +1 short sword
 L - a cursed +0 scimitar
 O - a +0 shortbow
 P - a +0 trident
Armour
 b - a +0 animal skin
 e - a +0 robe
 i - a +0 ring mail of positive energy
 y - a +0 hat (worn)
 H - a cursed -1 leather armour
 N - a +0 chain mail
 Q - a +0 plate armour (worn)
Jewellery
 s - a ring of see invisible (right hand)
 u - a ring of protection from cold (left hand)
 R - a +4 ring of dexterity {unknown}
Wands
 M - a wand of iceblast (5/15)
Scrolls
 d - a scroll of enchant armour {unknown}
 h - 2 scrolls of teleportation {unknown}
 k - 4 scrolls of recharging {unknown}
 m - 2 scrolls of immolation {unknown}
 n - 4 scrolls of remove curse {unknown}
 o - a scroll of fear {unknown}
 p - 7 scrolls of identify {unknown}
 v - 2 scrolls of fog {unknown}
 B - a scroll of blinking {unknown}
 D - a scroll of magic mapping {unknown}
 E - a scroll of amnesia {unknown}
 I - a scroll of silence {unknown}
Potions
 f - 2 potions of brilliance {unknown}
 g - a potion of lignification {unknown}
 j - 4 potions of agility
 l - a potion of flight {unknown}
 q - 3 potions of curing {unknown}
 t - a potion of might {unknown}
 w - 2 potions of mutation {unknown}
 A - a potion of heal wounds {unknown}
 G - 2 potions of resistance {unknown}
Comestibles
 c - 3 bread rations
 r - 12 fruits
 z - a meat ration


   Skills:
 + Level 8.0 Fighting
 + Level 8.2 Axes
 + Level 7.5 Armour
 + Level 7.8 Dodging
 + Level 1.3 Stealth


You had 8 spell levels left.
You didn't know any spells.

Dungeon Overview and Level Annotations

Branches:
Dungeon (8/15)             Temple (0/1) D:7
   Lair: D:8-11

Altars:
Elyvilon
Makhleb
Qazlal
Sif Muna
The Shining One

Shops:
D:4 *

Annotations:
D:8 Joseph


Innate Abilities, Weirdness & Mutations

You reflexively headbutt those who attack you in melee.
You have a pair of horns on your head.


Message History

The sling bullet hits you but does no damage.
You see here a sling bullet.
Joseph shoots a sling bullet.
The sling bullet closely misses you.
You see here 2 sling bullets.
Joseph shoots a sling bullet.
The sling bullet hits you.
* * * LOW HITPOINT WARNING * * *
You see here a sling bullet.
Joseph unwields an uncursed hunting sling.
Joseph wields an uncursed quarterstaff.
Joseph hits you but does no damage.
Joseph hits you with an uncursed quarterstaff!
* * * LOW HITPOINT WARNING * * *
You slice Joseph!!
Joseph is heavily wounded.
Joseph barely misses you.
You barely miss Joseph.
Joseph is heavily wounded.
Joseph hits you with an uncursed quarterstaff.
* * * LOW HITPOINT WARNING * * *
Joseph hits you with an uncursed quarterstaff!
You die...

####.# #.# #.#
#.# #(# #(##
#..# ##(# #@##
#@.# . ##.#
#######....
##.###)††.@....#
#....(.####...##
#..##### .# #..#
..... ......


You could see Joseph.

Vanquished Creatures
  A gargoyle (D:8)
  The ghost of PrikolusRex the Chopper, an amateur MiBe of Trog (D:5)
  2 ice beasts
  A black bear (D:6)
  An orc warrior (D:8)
  2 centaurs
  3 ogres
  The ghost of droidenko the Shield-Bearer, an amateur GrFi of Jiyva (D:3)
  A scorpion (D:5)
  3 wights (D:6)
  A howler monkey (D:5)
  2 crimson imps
  2 quasits (D:6)
  5 hounds
  A jelly (D:6)
  5 orc priests
  A giant frog skeleton (D:5)
  A gnoll shaman (D:5)
  2 iguanas
  2 orc wizards
  Ijyb (D:3)
  5 worker ants
  6 gnolls
  7 adders
  2 shadow imps
  An ooze (D:1)
  3 adder skeletons (D:5)
  A worm (D:6)
  2 dart slugs
  3 giant geckos
  11 orcs
  A ball python (D:1)
  6 bats
  8 giant cockroaches
  5 goblins
  6 hobgoblins
  9 jackals
  A quokka (D:3)
  A giant gecko skeleton (D:5)
  3 giant newts
  A goblin skeleton (D:4)
  A goblin zombie (D:4)
  5 hobgoblin zombies (D:4)
  5 kobolds
  A kobold skeleton (D:4)
  3 kobold zombies (D:4)
  An orc skeleton (D:4)
  2 orc zombies (D:4)
  5 rats
  2 plants (D:5)
146 creatures vanquished.

Notes
Turn   | Place    | Note
--------------------------------------------------------------
     0 | D:1      | PrikolusRex the Minotaur Berserker began the quest for the Orb.
     0 | D:1      | Reached XP level 1. HP: 19/19 MP: 0/0
   473 | D:1      | Reached XP level 2. HP: 26/27 MP: 1/1
   736 | D:1      | Reached ** piety under Trog
   816 | D:1      | Reached XP level 3. HP: 32/33 MP: 2/2
   995 | D:2      | You fall through a shaft!
  1105 | D:3      | Reached XP level 4. HP: 40/40 MP: 3/3
  1281 | D:3      | Noticed droidenko's ghost (amateur GrFi)
  1292 | D:3      | Killed droidenko's ghost
  1292 | D:3      | Reached XP level 5. HP: 38/47 MP: 4/4
  1355 | D:3      | Reached skill level 1 in Stealth
  1583 | D:3      | Noticed Ijyb
  1588 | D:3      | Killed Ijyb
  1836 | D:4      | Found a white marble altar of Elyvilon.
  1898 | D:4      | Reached skill level 5 in Axes
  1898 | D:4      | Reached XP level 6. HP: 48/55 MP: 5/5
  1962 | D:4      | Reached skill level 5 in Fighting
  2312 | D:4      | Found Ampuxtihe's General Store.
  2424 | D:4      | Bought a potion of agility for 48 gold pieces
  2535 | D:4      | Found a glowing golden altar of the Shining One.
  2898 | D:4      | Reached skill level 5 in Armour
  2898 | D:4      | Reached XP level 7. HP: 61/61 MP: 6/6
  2949 | D:5      | Entered Level 5 of the Dungeon
  2977 | D:5      | Reached *** piety under Trog
  3082 | D:5      | Reached skill level 5 in Dodging
  3405 | D:5      | Noticed PrikolusRex's ghost (amateur MiBe)
  3417 | D:5      | Killed PrikolusRex's ghost
  3433 | D:5      | Reached XP level 8. HP: 56/71 MP: 7/7
  3771 | D:5      | Found a burning altar of Makhleb.
  4962 | D:6      | Found a deep blue altar of Sif Muna.
  5737 | D:7      | Found a stormy altar of Qazlal.
  5744 | D:7      | Noticed an air elemental
  5827 | D:7      | Reached **** piety under Trog
  5839 | D:7      | Found a staircase to the Ecumenical Temple.
  5935 | D:7      | Reached XP level 9. HP: 59/80 MP: 8/8
  6602 | D:8      | Noticed a gargoyle
  6622 | D:8      | Killed a gargoyle
  6627 | D:8      | Noticed Joseph
  6644 | D:8      | Slain by Joseph

Skill      XL: |  1  2  3  4  5  6  7  8  9 |
---------------+----------------------------+-----
Axes           | 4 5 6 7 8 |  8.2
Fighting       | 4 5 6 7 8 |  8.0
Dodging        | 3 4 5 7 |  7.8
Armour         | 3 4 5 6 7 |  7.5
Stealth        | 1 |  1.3

Action                   |  1- 3 |  4- 6 |  7- 9 || total
-------------------------+-------+-------+-------++-------
Melee: Hand axe          |    74 |   105 |   183 ||   362
       Headbutt          |     9 |    22 |    59 ||    90
       Battleaxe         |       |       |    61 ||    61
Invok: Berserk           |       |     4 |    10 ||    14
 Stab: Sleeping          |     1 |       |       ||     1
  Eat: Chunk             |     1 |     1 |     2 ||     4
       Pizza             |       |     1 |       ||     1
       Bread ration      |       |     2 |       ||     2
       Fruit             |       |       |     4 ||     4
       Meat ration       |       |       |     3 ||     3
       Royal jelly       |       |       |     1 ||     1
Armor: Robe              |     3 |       |       ||     3
       Ring mail         |    18 |    23 |    69 ||   110
       Chain mail        |       |       |     8 ||     8
       Plate armour      |       |       |    21 ||    21
Dodge: Dodged            |    55 |    53 |   146 ||   254
